 Dungeon Crawl Stone Soup version 0.21.1-1-g345015fe64 (webtiles) character file.

56 Mrkan the Skirmisher (level 3, 0/34 HPs)
             Began as a Minotaur Fighter on May 10, 2018.
             Succumbed to an adder's poison
             ... on level 2 of the Dungeon.
             The game lasted 00:03:21 (1363 turns).

Mrkan the Skirmisher (Minotaur Fighter)             Turns: 1363, Time: 00:03:22

Health: 0/34       AC:  6    Str: 22    XL:     3   Next: 69%
Magic:  2/2        EV:  7    Int:  5    God:
Gold:   75         SH:  9    Dex: 10    Spells: 2/2 levels left

rFire    + . .     SeeInvis .   a - +1 war axe
rCold    + . .     Gourm    .   c - +0 shield
rNeg     . . .     Faith    .   b - +0 scale mail
rPois    +         Spirit   .   (helmet restricted)
rElec    +         Reflect  .   (no cloak)
rCorr    +         Harm     .   (no gloves)
MR       .....     Clarity  +   (no boots)
Stlth    ..........             (no amulet)
HPRegen  0.11/turn              (no ring)
MPRegen  0.08/turn              (no ring)

@: lethally poisoned (0 -> -2), resistant
A: retaliatory headbutt, horns 2, clarity, strong 1, evolution 1
a: no special abilities


You were on level 2 of the Dungeon.
You were not hungry.

You visited 1 branch of the dungeon, and saw 3 of its levels.

You collected 75 gold pieces.

Inventory:

Hand Weapons
 a - a +1 war axe (weapon)
Armour
 b - a +0 scale mail (worn)
 c - a +0 shield (worn)
 m - a +0 pair of gloves
Jewellery
 j - an uncursed ring of stealth
Scrolls
 e - 3 scrolls of identify
 h - a scroll of teleportation
 i - a scroll of enchant weapon
Potions
 d - a potion of might
Comestibles
 f - 6 rations


   Skills:
 + Level 4.4 Fighting
 * Level 4.3 Axes
 - Level 3.6 Armour
 - Level 3.6 Shields


You had 2 spell levels left.
You didn't know any spells.

Dungeon Overview and Level Annotations

Branches:
Dungeon (3/15)

Altars:

Annotations:
D:3 Carigen's ghost, amateur MiBe


Innate Abilities, Weirdness & Mutations

You reflexively headbutt those who attack you in melee.
You have a pair of horns on your head.
You possess an exceptional clarity of mind.
Your muscles are strong. (Str +2)
You evolve.


Message History

You completely miss the adder.
The adder is almost dead.
You block the adder's attack. x2
You barely miss the adder.
You kill the adder!
* * * LOW HITPOINT WARNING * * *
You feel sick.
You see here an adder corpse.
There is a lethal amount of poison in your body!
It was a potion of mutation.
You feel extremely strange.
You feel nature experimenting on you.
Don't worry, failures die fast.
You feel stronger.
Your thoughts seem clearer.
It was a potion of resistance.
You feel protected.
* * * LOW HITPOINT WARNING * * *
You feel sick.
There is a lethal amount of poison in your body!
There is a lethal amount of poison in your body!
There is a lethal amount of poison in your body!
You die...

###.##....(......#
#.#.##........####
#.#.#.........####
#...#..........#..
#####..##....#.....#.# ######
#............)........ #....#
#.<..........####..### #....#
#...........## #..# #
#....######†...@.....## ##.# #
#........†>.....<....#######.###
#....########..............#....
#..>.# ##........####.###....##
#....# ##..#......# #...###....
########...#>.....######..##.###
#............[.........##....###
#.)..)...........#####.##.......
#...).....#......# #.(........


There were no monsters in sight!

Vanquished Creatures
  An adder (D:2)
  2 oozes (D:2)
  A dart slug (D:1)
  5 goblins
  10 hobgoblins
  3 jackals (D:1)
  7 bats
  2 frilled lizards
  2 rats (D:1)
  8 plants (D:1)
41 creatures vanquished.

Notes
Turn   | Place    | Note
-------+----------+-------------------------------------------
     0 | D:1      | Mrkan the Minotaur Fighter began the quest for the Orb.
     0 | D:1      | Reached XP level 1. HP: 19/19 MP: 0/0
   135 | D:1      | Reached XP level 2. HP: 22/27 MP: 1/1
   922 | D:2      | Reached XP level 3. HP: 33/33 MP: 2/2
  1334 | D:3      | Noticed Carigen's ghost (amateur MiBe)
  1358 | D:2      | Gained mutation: You evolve. [potion of mutation]
  1358 | D:2      | Gained mutation: Your muscles are strong. (Str +2) [potion of mutation]
  1358 | D:2      | Gained mutation: You possess an exceptional clarity of mind. [potion of mutation]
  1359 | D:2      | HP: 1/34 [poisoned by an adder]
  1363 | D:2      | Succumbed to an adder's poison

Skill      XL: |  1  2  3 |
---------------+----------+-----
Axes           | 3 4 |  4.3
Fighting       | 4 |  4.4
Armour         | |  3.6
Shields        | |  3.6

Action                   || total
-------------------------++-------
Melee: War axe           ||   179
       Headbutt          ||    36
  Use: Scroll            ||     6
       Potion            ||     2
  Eat: Chunk             ||     2
Armor: Scale mail        ||    45
Dodge: Dodged            ||    32
Block: Shield            ||    57
